 Dungeon Crawl Stone Soup version 0.29-a0-380-gf50f0a9fbc (webtiles) character file.

Game seed: 8127768777169987387

394 Hubjo the Firebug (level 6, 0/37 HPs)
             Began as a Deep Elf Fire Elementalist on May 5, 2022.
             Slain by a scorpion (7 damage)
             ... on level 5 of the Dungeon.
             The game lasted 00:08:19 (5147 turns).

Hubjo the Firebug (Deep Elf Fire Elementalist)      Turns: 5147, Time: 00:08:20

Health: 0/37       AC:  2    Str: 11    XL:     6   Next: 52%
Magic:  16/24      EV: 13    Int: 20    God:
Gold:   268        SH:  5    Dex: 17    Spells: 6/14 levels left

rFire   . . .      SeeInvis .   i - +0 dagger
rCold   . . .      Faith    .   (no shield)
rNeg    . . .      Spirit   .   a - +0 robe
rPois   .          Reflect  +   (no helmet)
rElec   .          Harm     .   (no cloak)
rCorr   .          Rampage  .   (no gloves)
Will    .....                   (no boots)
Stlth   +++.......              v - amulet of reflection
HPRegen 0.12/turn               e - +6 ring of strength
MPRegen 0.19/turn               q - ring of magical power

@: no status effects
A: no striking features
a: no special abilities


You were on level 5 of the Dungeon.
You visited 1 branch of the dungeon, and saw 5 of its levels.

You collected 268 gold pieces.

Inventory:

Hand Weapons
 i - a +0 dagger (weapon)
Armour
 a - a +0 robe (worn)
 y - a +0 cloak
Jewellery
 e - a +6 ring of strength (left hand)
 q - a ring of magical power (right hand)
 t - an amulet of guardian spirit
 v - an amulet of reflection (around neck)
Scrolls
 d - 3 scrolls of magic mapping {unknown}
 f - a scroll of torment {unknown}
 j - 5 scrolls of identify {unknown}
 k - a scroll of immolation {unknown}
 m - 3 scrolls of enchant armour {unknown}
 n - a scroll of acquirement {unknown}
 o - a scroll of vulnerability {unknown}
 p - 2 scrolls of fog {unknown}
 s - a scroll of teleportation {unknown}
 u - a scroll of enchant weapon {unknown}
 w - 2 scrolls of noise {unknown}
Potions
 b - 2 potions of magic
 c - a potion of resistance {unknown}
 g - a potion of brilliance {unknown}
 h - 2 potions of curing {unknown}
 l - a potion of cancellation
 r - 2 potions of might {unknown}
 x - a potion of haste {unknown}
 z - 2 potions of mutation {unknown}
 A - 2 potions of flight
 B - a potion of lignification {unknown}
 C - a potion of attraction {unknown}


   Skills:
 + Level 3.0 Fighting
 - Level 2.4 Dodging
 + Level 4.6 Stealth
 + Level 4.9 Spellcasting
 - Level 1.1 Conjurations
 * Level 4.9 Fire Magic


You had 6 spell levels left.
You knew the following spells:

 Your Spells              Type           Power      Damage    Failure   Level
a - Foxfire               Conj/Fire      68%        2x1d7     3%          1
b - Ozocubu's Armour      Ice            4%         N/A       34%         3
c - Flame Wave            Conj/Fire      17%        2d6       32%         4

Your spell library contained the following spells:

 Spells                   Type           Power      Damage    Failure   Level
 Scorch                   Fire           48%        2d7       2%          2
 Magic Dart               Conj           36%        1d4       8%          1
 Conjure Flame            Conj/Fire      17%        6-21      10%         3
 Inner Flame              Hex/Fire       14%        N/A       13%         3
 Call Imp                 Summ           4%         N/A       19%         2
 Mephitic Cloud           Conj/Pois/Air  6%         N/A       30%         3
 Metabolic Englaciation   Hex/Ice        2%         N/A       97%         5
 Simulacrum               Ice/Necr       2%         N/A       100%        6


Dungeon Overview and Level Annotations

Branches:
Dungeon (5/15)
 Temple: D:4-7

Altars:
Gozag

Annotations:
D:3 3 runed translucent doors, Art3mis's ghost, amateur DjGl


Message History

The necrophage is heavily damaged.
The necrophage misses you.
You conjure some foxfire!
The foxfire hits the necrophage but does no damage.
The necrophage is heavily damaged.
The foxfire hits the necrophage.
The necrophage is heavily damaged.
The necrophage hits you.
You are too injured to fight recklessly!
Your foxfire dissipates!
The foxfire hits the necrophage.
The necrophage is severely damaged.
You are too injured to fight recklessly!
You are too injured to fight recklessly!
Casting: Foxfire (safe; 3% risk of failure)
Confirm with . or Enter, or press ? or * to list all spells.
You conjure some foxfire!
The necrophage misses you.
Casting: Foxfire (safe; 3% risk of failure)
Confirm with . or Enter, or press ? or * to list all spells.
You conjure some foxfire!
The foxfire hits the necrophage.
The necrophage is severely damaged.
The foxfire hits the scorpion.
The scorpion is lightly wounded.
The necrophage hits you.
* * * LOW HITPOINT WARNING * * *
You feel drained.
* * * LOW HITPOINT WARNING * * *
It was a potion of flight.
You feel very buoyant.
You fly up into the air.
The foxfire hits the scorpion.
The scorpion is moderately wounded.
The foxfire hits the necrophage!
You destroy the necrophage!
The scorpion closely misses you.
Your life force feels restored.
It was a potion of cancellation.
Your magical effects are unravelling.
You feel magically purged.
You float gracefully downwards.
You block the scorpion's attack. The scorpion stings you!
You die...

... #..# ... ######..#
... #.......+ ...
#.......# #####'###
#.......# ##.#.....#
#.......# ##.s#..?..#.
#.......###§@o'.(...'.
########.##.§..#.....#.
#........#.....#.....#
+....<...#....####+###
#........)...##
#........#..##
#........#.##
#.>......### #........#


You could see a scorpion and an orc.

Vanquished Creatures
  An ogre (D:4)
  A necrophage (D:5)
  A jelly (D:5)
  A hound (D:4)
  An iguana (D:4)
  An orc wizard (D:5)
  4 adders
  An ufetubus (D:5)
  4 worms
  2 dart slugs
  4 orcs
  7 bats
  4 endoplasms
  6 giant cockroaches
  11 goblins
  4 hobgoblins
  4 jackals (D:4)
  9 kobolds
  2 quokkas
  6 ball pythons
  3 frilled lizards
  6 rats
83 creatures vanquished.

Vanquished Creatures (others)
  482 foxfires
482 creatures vanquished.

Grand Total: 565 creatures vanquished

Notes
Turn   | Place    | Note
-------+----------+-------------------------------------------
     0 | D:1      | Hubjo the Deep Elf Fire Elementalist began the quest for
                  | the Orb.
     0 | D:1      | Reached XP level 1. HP: 10/10 MP: 6/6
   298 | D:1      | Reached XP level 2. HP: 16/16 MP: 4/8
   940 | D:1      | Reached skill level 1 in Fighting
  1695 | D:2      | Reached XP level 3. HP: 17/20 MP: 1/9
  2366 | D:2      | Learned a level 3 spell: Ozocubu's Armour
  2884 | D:3      | Reached XP level 4. HP: 26/26 MP: 11/11
  3122 | D:3      | Found a runed translucent gate.
  3123 | D:3      | Found a runed translucent gate.
  3123 | D:3      | Found a runed translucent gate.
  3123 | D:3      | Found an opulent altar of Gozag.
  3126 | D:3      | Noticed Art3mis's ghost (amateur DjGl)
  3126 | D:3      | Noticed a sky beast
  3639 | D:4      | Reached XP level 5. HP: 23/30 MP: 10/13
  4607 | D:4      | Noticed an ogre
  4619 | D:4      | Killed an ogre
  4717 | D:4      | Reached XP level 6. HP: 36/36 MP: 14/14
  5046 | D:4      | Learned a level 4 spell: Flame Wave
  5047 | D:5      | Entered Level 5 of the Dungeon
  5147 | D:5      | Slain by a scorpion

Illustrated notes

Levels and vault maps discovered:
D:1:      spicycebolla_arrival_xxxplode, layout_basic
D:2:      layout_loops_ring
D:3:      layout_rooms, ebering_ghost_gozag, grunt_ministairs_4,
          grunt_decor_fettered, minmay_pentangle
D:4:      layout_basic, gup_sewer_entry_glass
D:5:      layout_gridville, xom_confusion_cloud, vehumet_statue,
          nicolae_yredelemnul_corpse_copse, grunt_temple_overflow_open,
          minmay_quadrilaterals, uniq_blork_the_orc, uniq_prince_ribbit1,
          uniq_sigmund

Skill      XL: |  1  2  3  4  5  6 |
---------------+-------------------+-----
Fighting       | 1 2 3 |  3.0
Stealth        | 3 4 |  4.6
Fire Magic     | 4 |  4.9
Spellcasting   | 4 |  4.9
Dodging        | |  2.4
Conjurations   | |  1.1

Action                   |  1- 3 |  4- 6 || total
-------------------------+-------+-------++-------
Melee: Dagger            |     1 |     1 ||     2
 Cast: Foxfire           |   151 |   155 ||   306
  Use: Potion            |       |     2 ||     2
Armor: Robe              |     2 |     1 ||     3
Dodge: Dodged            |    13 |    16 ||    29
Block: Other             |       |     3 ||     3

Table legend: (Time is in decaauts)
 A = Elapsed time spent in this place.
 B = Non-inter-level travel time spent in this place.
 C = Inter-level travel time spent in this place.
 D = Time resting spent in this place.
 E = Time spent auto-exploring this place.
 F = Levels seen in this place.
 G = Mean time per level.
                   A        B        C        D        E       F      G
               +--------+--------+--------+--------+--------+-----+--------+
         Total |   5146 |   4979 |    167 |      0 |   4326 |   5 | 1029.2 |
       Dungeon |   5146 |   4979 |    167 |      0 |   4326 |   5 | 1029.2 |
               +--------+--------+--------+--------+--------+-----+--------+

Top non-repeatable levels by time:
     D:4: 1619 daAuts
     D:1: 1226 daAuts
     D:2: 1139 daAuts
     D:3: 1062 daAuts
     D:5: 99 daAuts
